[ AOE2 MATCH · #507065957 ]
UnrankedCelts vs Byzantines
Player's team · WIN
[ REPLAY ANALYSIS · EXTRACTED FROM THE RECORDED GAME ]
Feudal
12:21
Castle
16:09
Imperial
—
| APM avg | 57.1 |
| APM peak | 88 |
| eAPM avg | 31.3 |
| Villagers / military | 234 / 193 |
Focus
⚔️ 40.3% · 🌾 59.7%
Spearman ×152 · Battering Ram ×16 · Mangonel ×10 · Woad Raider ×5 · Unknown (1105) ×5 · Monk ×4
Feudal
11:05
Castle
17:12
Imperial
—
| APM avg | 41.2 |
| APM peak | 85 |
| eAPM avg | 23.3 |
| Villagers / military | 125 / 98 |
Focus
⚔️ 37.7% · 🌾 62.3%
Cataphract ×71 · Monk ×16 · Battering Ram ×8 · Spearman ×3
Match map
Initial resources + every placement click. Lines = walls · curves = elevation contours. ◆ gold · ⬟ stone · ● berries · ✦ relic · ◌ wall gap
Your base· Open — unwalled flank
DS_Alec's base· ✓ Closed at 17:12 · 43t walls · 1 gate(s)
Smoothed initial terrain · ◌ = detected wall gap · hover for details
Inputs per minute
— 心急則泥肘 - - DS_Alec
Build order — 心急則泥肘
First 150 of 612 actions detected
| 0:00 | Create | Villager (Male) |
| 0:01 | Create | Villager (Male) |
| 0:02 | Build | House |
| 0:03 | Build | House |
| 0:11 | Create | Villager (Male) |
| 0:11 | Create | Villager (Male) |
| 0:11 | Create | Villager (Male) |
| 0:12 | Create | Villager (Male) |
| 1:26 | Create | Villager (Male) |
| 1:26 | Create | Villager (Male) |
| 1:50 | Build | Lumber Camp |
| 2:00 | Create | Villager (Male) |
| 2:00 | Create | Villager (Male) |
| 2:00 | Create | Villager (Male) |
| 2:28 | Create | Villager (Male) |
| 2:28 | Create | Villager (Male) |
| 2:47 | Create | Villager (Male) |
| 2:47 | Create | Villager (Male) |
| 3:10 | Create | Villager (Male) |
| 3:11 | Create | Villager (Male) |
| 3:32 | Create | Villager (Male) |
| 3:33 | Create | Villager (Male) |
| 3:52 | Build | House |
| 3:54 | Build | House |
| 3:56 | Build | Palisade Wall |
| 4:05 | Create | Villager (Male) |
| 4:05 | Create | Villager (Male) |
| 4:05 | Create | Villager (Male) |
| 4:13 | Create | Villager (Male) |
| 4:13 | Create | Villager (Male) |
| 4:13 | Create | Villager (Male) |
| 5:10 | Create | Villager (Male) |
| 5:19 | Build | Barracks |
| 5:29 | Create | Villager (Male) |
| 5:57 | Create | Villager (Male) |
| 6:26 | Create | Militia |
| 6:27 | Create | Militia |
| 6:43 | Create | Villager (Male) |
| 6:56 | Create | Militia |
| 7:01 | Create | Villager (Male) |
| 7:06 | Build | Mill |
| 7:19 | Create | Villager (Male) |
| 7:23 | Build | House |
| 7:29 | Create | Villager (Male) |
| 7:33 | Build | Mill |
| 7:43 | Create | Villager (Male) |
| 7:55 | Build | Palisade Wall |
| 8:05 | Research | Loom |
| 8:56 | Create | Villager (Male) |
| 9:00 | Build | Farm |
| 9:01 | Build | Farm |
| 9:04 | Create | Villager (Male) |
| 9:26 | Build | Palisade Wall |
| 9:36 | Build | Farm |
| 9:38 | Create | Villager (Male) |
| 9:57 | Research | Feudal Age |
| 9:57 | Research | Feudal Age |
| 10:15 | Build | Farm |
| 10:42 | Create | Villager (Male) |
| 10:42 | Research | Loom |
| 11:13 | Create | Villager (Male) |
| 11:21 | Build | House |
| 11:41 | Build | Farm |
| 12:21 | Age | Feudal Age |
| 12:23 | Build | Market |
| 12:32 | Build | Blacksmith |
| 12:47 | Build | Farm |
| 12:52 | Build | Palisade Wall |
| 13:25 | Create | Spearman |
| 13:29 | Research | Castle Age |
| 13:29 | Research | Castle Age |
| 13:35 | Build | Mining Camp |
| 13:43 | Create | Spearman |
| 13:43 | Create | Spearman |
| 13:55 | Build | Farm |
| 14:04 | Research | Double-Bit Axe |
| 14:05 | Research | Double-Bit Axe |
| 14:44 | Create | Villager (Male) |
| 15:04 | Build | Palisade Wall |
| 15:23 | Create | Spearman |
| 15:23 | Create | Spearman |
| 15:51 | Create | Spearman |
| 15:53 | Build | House |
| 16:09 | Age | Castle Age |
| 16:18 | Build | Siege Workshop |
| 16:21 | Build | Siege Workshop |
| 16:29 | Create | Villager (Male) |
| 16:40 | Create | Spearman |
| 16:46 | Build | House |
| 16:48 | Create | Villager (Male) |
| 16:56 | Create | Villager (Male) |
| 17:04 | Create | Battering Ram |
| 17:06 | Create | Scorpion |
| 17:17 | Create | Villager (Male) |
| 17:39 | Create | Mangonel |
| 17:39 | Create | Mangonel |
| 17:39 | Create | Mangonel |
| 17:49 | Build | House |
| 17:59 | Create | Mangonel |
| 18:00 | Create | Mangonel |
| 18:01 | Create | Villager (Male) |
| 18:09 | Create | Villager (Male) |
| 18:12 | Build | Mill |
| 18:39 | Create | Villager (Male) |
| 18:39 | Create | Villager (Male) |
| 18:55 | Create | Mangonel |
| 18:56 | Create | Mangonel |
| 19:00 | Create | Villager (Male) |
| 19:00 | Create | Villager (Male) |
| 19:20 | Build | House |
| 19:35 | Create | Mangonel |
| 19:35 | Create | Mangonel |
| 19:39 | Create | Villager (Male) |
| 19:43 | Create | Villager (Male) |
| 20:06 | Create | Villager (Male) |
| 20:07 | Create | Villager (Male) |
| 20:15 | Create | Villager (Male) |
| 20:25 | Create | Unit 1105 |
| 20:29 | Create | Spearman |
| 20:29 | Create | Spearman |
| 20:41 | Build | Town Center |
| 20:46 | Build | Lumber Camp |
| 20:50 | Build | Mining Camp |
| 20:51 | Create | Villager (Male) |
| 21:02 | Create | Spearman |
| 21:02 | Create | Spearman |
| 21:26 | Research | Pikeman (upgrade) |
| 21:26 | Research | Pikeman (upgrade) |
| 21:35 | Create | Spearman |
| 21:40 | Create | Villager (Male) |
| 21:42 | Build | Farm |
| 21:57 | Create | Spearman |
| 21:57 | Create | Spearman |
| 22:04 | Create | Spearman |
| 22:06 | Create | Villager (Male) |
| 22:06 | Create | Villager (Male) |
| 22:06 | Create | Villager (Male) |
| 22:10 | Create | Villager (Male) |
| 22:10 | Create | Villager (Male) |
| 22:10 | Create | Villager (Male) |
| 22:23 | Build | Farm |
| 22:25 | Build | Farm |
| 22:27 | Build | Farm |
| 22:28 | Build | Farm |
| 22:34 | Build | House |
| 22:35 | Build | House |
| 22:51 | Create | Villager (Male) |
| 23:20 | Create | Villager (Male) |
| 23:28 | Build | Farm |
| 23:30 | Create | Villager (Male) |
Build order — DS_Alec
First 150 of 377 actions detected
| 0:00 | Create | Villager (Male) |
| 0:00 | Create | Villager (Male) |
| 0:00 | Create | Villager (Male) |
| 0:02 | Build | House |
| 0:03 | Build | House |
| 0:10 | Create | Villager (Male) |
| 0:10 | Create | Villager (Male) |
| 0:10 | Create | Villager (Male) |
| 1:23 | Create | Villager (Male) |
| 1:24 | Create | Villager (Male) |
| 1:55 | Create | Villager (Male) |
| 1:55 | Create | Villager (Male) |
| 2:20 | Create | Villager (Male) |
| 2:20 | Create | Villager (Male) |
| 2:35 | Build | Lumber Camp |
| 2:38 | Create | Villager (Male) |
| 2:38 | Create | Villager (Male) |
| 2:55 | Create | Villager (Male) |
| 3:39 | Create | Villager (Male) |
| 3:39 | Create | Villager (Male) |
| 3:42 | Build | House |
| 3:49 | Create | Villager (Male) |
| 3:50 | Create | Villager (Male) |
| 4:03 | Build | Palisade Wall |
| 4:03 | Build | Palisade Wall |
| 4:04 | Build | Palisade Wall |
| 4:06 | Build | Palisade Wall |
| 4:06 | Build | Palisade Wall |
| 4:07 | Build | Palisade Wall |
| 4:22 | Create | Villager (Male) |
| 4:41 | Create | Villager (Male) |
| 5:16 | Build | Mill |
| 5:50 | Build | Palisade Wall |
| 5:52 | Build | Palisade Wall |
| 5:52 | Build | Palisade Wall |
| 5:52 | Build | Palisade Wall |
| 5:55 | Create | Villager (Male) |
| 5:55 | Create | Villager (Male) |
| 6:01 | Build | House |
| 6:03 | Build | Palisade Wall |
| 6:14 | Create | Villager (Male) |
| 6:17 | Build | Palisade Wall |
| 6:21 | Build | Palisade Wall |
| 6:33 | Build | Palisade Wall |
| 7:09 | Create | Villager (Male) |
| 7:09 | Create | Villager (Male) |
| 7:15 | Research | Loom |
| 7:15 | Create | Villager (Male) |
| 7:28 | Build | Palisade Wall |
| 7:28 | Build | Palisade Wall |
| 7:29 | Build | Palisade Wall |
| 7:32 | Build | Palisade Wall |
| 7:34 | Build | Palisade Wall |
| 7:36 | Create | Villager (Male) |
| 8:14 | Build | Palisade Wall |
| 8:23 | Create | Villager (Male) |
| 8:46 | Build | Palisade Wall |
| 8:48 | Build | Palisade Wall |
| 8:49 | Build | Palisade Wall |
| 8:55 | Research | Feudal Age |
| 8:56 | Create | Villager (Male) |
| 9:41 | Build | Farm |
| 9:59 | Build | Farm |
| 10:01 | Build | Farm |
| 10:14 | Build | Farm |
| 10:21 | Build | Farm |
| 10:30 | Build | House |
| 10:31 | Build | Palisade Wall |
| 10:32 | Build | Palisade Wall |
| 10:33 | Build | Palisade Wall |
| 10:33 | Build | Palisade Wall |
| 10:34 | Build | Palisade Wall |
| 10:38 | Build | Farm |
| 10:53 | Build | Palisade Wall |
| 10:59 | Build | House |
| 11:01 | Build | Palisade Wall |
| 11:05 | Age | Feudal Age |
| 11:08 | Create | Villager (Male) |
| 11:21 | Build | Market |
| 11:34 | Create | Villager (Male) |
| 11:38 | Build | Farm |
| 11:50 | Research | Double-Bit Axe |
| 11:51 | Create | Villager (Male) |
| 12:18 | Build | Farm |
| 12:22 | Create | Villager (Male) |
| 12:56 | Build | Blacksmith |
| 13:01 | Create | Villager (Male) |
| 13:13 | Build | Farm |
| 13:20 | Create | Villager (Male) |
| 13:27 | Build | Farm |
| 13:41 | Build | House |
| 13:48 | Build | Farm |
| 13:49 | Create | Villager (Male) |
| 14:00 | Build | House |
| 14:17 | Build | Mining Camp |
| 14:32 | Research | Castle Age |
| 14:40 | Build | House |
| 15:00 | Research | Horse Collar |
| 15:07 | Build | House |
| 15:10 | Build | House |
| 15:23 | Build | Palisade Gate |
| 15:26 | Build | Palisade Wall |
| 15:52 | Create | Villager (Male) |
| 15:59 | Build | Mining Camp |
| 16:28 | Research | Gold Mining |
| 17:12 | Age | Castle Age |
| 17:16 | Build | Monastery |
| 17:18 | Create | Villager (Male) |
| 17:27 | Research | Bow Saw |
| 17:41 | Build | Monastery |
| 17:44 | Create | Villager (Male) |
| 17:46 | Create | Monk |
| 18:15 | Create | Monk |
| 18:29 | Create | Villager (Male) |
| 18:48 | Research | Redemption |
| 19:41 | Create | Monk |
| 20:28 | Build | Watch Tower |
| 20:30 | Create | Villager (Male) |
| 20:31 | Create | Villager (Male) |
| 20:39 | Research | Sanctity |
| 20:47 | Create | Villager (Male) |
| 21:03 | Build | University |
| 21:11 | Create | Villager (Male) |
| 21:17 | Build | Town Center |
| 21:26 | Create | Monk |
| 21:29 | Build | Palisade Wall |
| 21:31 | Build | Palisade Wall |
| 21:32 | Build | Palisade Wall |
| 21:34 | Build | House |
| 21:35 | Build | House |
| 21:38 | Build | House |
| 21:39 | Build | House |
| 21:51 | Create | Villager (Male) |
| 21:54 | Create | Monk |
| 22:08 | Build | Barracks |
| 22:26 | Create | Villager (Male) |
| 22:28 | Create | Monk |
| 22:33 | Build | Farm |
| 22:33 | Build | Farm |
| 22:55 | Create | Spearman |
| 22:55 | Create | Spearman |
| 22:59 | Create | Monk |
| 23:08 | Create | Spearman |
| 24:23 | Create | Villager (Male) |
| 24:23 | Create | Villager (Male) |
| 24:23 | Create | Villager (Male) |
| 24:42 | Create | Monk |
| 24:43 | Create | Monk |
| 24:59 | Create | Monk |
| 24:59 | Create | Monk |
Match timeline
| 3:56 | 心急則泥肘 · wall_segment Palisade Wall x2 |
| 4:03 | DS_Alec · wall_segment Palisade Wall x1 |
| 4:03 | DS_Alec · wall_segment Palisade Wall x1 |
| 4:04 | DS_Alec · wall_segment Palisade Wall x1 |
| 4:06 | DS_Alec · wall_segment Palisade Wall x1 |
| 4:06 | DS_Alec · wall_segment Palisade Wall x1 |
| 4:07 | DS_Alec · wall_segment Palisade Wall x1 |
| 5:19 | 心急則泥肘 · first_building Barracks |
| 5:50 | DS_Alec · wall_segment Palisade Wall x1 |
| 5:52 | DS_Alec · wall_segment Palisade Wall x1 |
| 5:52 | DS_Alec · wall_segment Palisade Wall x1 |
| 5:52 | DS_Alec · wall_segment Palisade Wall x1 |
| 6:03 | DS_Alec · wall_segment Palisade Wall x4 |
| 6:17 | DS_Alec · wall_segment Palisade Wall x4 |
| 6:21 | DS_Alec · wall_segment Palisade Wall x1 |
| 6:33 | DS_Alec · wall_segment Palisade Wall x1 |
| 7:28 | DS_Alec · wall_segment Palisade Wall x1 |
| 7:28 | DS_Alec · wall_segment Palisade Wall x1 |
| 7:29 | DS_Alec · wall_segment Palisade Wall x1 |
| 7:32 | DS_Alec · wall_segment Palisade Wall x1 |
| 7:34 | DS_Alec · wall_segment Palisade Wall x4 |
| 7:55 | 心急則泥肘 · wall_segment Palisade Wall x7 |
| 8:14 | DS_Alec · wall_segment Palisade Wall x1 |
| 8:46 | DS_Alec · wall_segment Palisade Wall x1 |
| 8:48 | DS_Alec · wall_segment Palisade Wall x1 |
| 8:49 | DS_Alec · wall_segment Palisade Wall x1 |
| 9:26 | 心急則泥肘 · wall_segment Palisade Wall x6 |
| 10:31 | DS_Alec · wall_segment Palisade Wall x1 |
| 10:32 | DS_Alec · wall_segment Palisade Wall x1 |
| 10:33 | DS_Alec · wall_segment Palisade Wall x1 |
| 10:33 | DS_Alec · wall_segment Palisade Wall x1 |
| 10:34 | DS_Alec · wall_segment Palisade Wall x1 |
| 10:53 | DS_Alec · wall_segment Palisade Wall x1 |
| 11:01 | DS_Alec · wall_segment Palisade Wall x1 |
| 11:05 | DS_Alec · age_up feudal |
| 12:21 | 心急則泥肘 · age_up feudal |
| 12:45 | DS_Alec · first_market_sell 100 stone |
| 12:52 | 心急則泥肘 · wall_segment Palisade Wall x6 |
| 13:28 | 心急則泥肘 · first_market_sell 100 stone |
| 15:04 | 心急則泥肘 · wall_segment Palisade Wall x1 |
| 15:26 | DS_Alec · wall_segment Palisade Wall x5 |
| 16:09 | 心急則泥肘 · age_up castle |
| 16:18 | 心急則泥肘 · first_building Siege Workshop |
| 17:02 | 心急則泥肘 · first_market_buy 100 wood |
| 17:12 | DS_Alec · age_up castle |
| 17:16 | DS_Alec · first_building Monastery |
| 17:37 | DS_Alec · first_market_buy 100 wood |
| 21:29 | DS_Alec · wall_segment Palisade Wall x1 |
| 21:31 | DS_Alec · wall_segment Palisade Wall x1 |
| 21:32 | DS_Alec · wall_segment Palisade Wall x1 |
| 22:08 | DS_Alec · first_building Barracks |
| 27:35 | DS_Alec · first_building Castle |
| 27:46 | 心急則泥肘 · first_building Monastery |
| 33:21 | DS_Alec · wall_segment Palisade Wall x3 |
| 33:23 | 心急則泥肘 · first_building Castle |
| 33:25 | DS_Alec · wall_segment Palisade Wall x13 |
| 45:58 | DS_Alec · resign |
[ AI ANALYSIS · 1 CREDIT ]
What really happened in this match?
Wolo.gg analyzes every decision: build order, eco, micro, common mistakes by bracket. Personalized analysis on WhatsApp or Discord in 30 seconds.
Civ guide
Celts
Perfil
Jugador #15507280